 Dungeon Crawl Stone Soup version 0.17-a0-1954-g0dddeaa (webtiles) character file.

984 valsik64 the Skirmisher (level 8, -3/53 HPs)
             Began as a Gargoyle Wizard on Oct 3, 2015.
             Was an Initiate of Vehumet.
             Slain by Duvessa
             ... wielding a +0 short sword
              (10 damage)
             ... on level 5 of the Dungeon.
             The game lasted 00:28:25 (5991 turns).

valsik64 the Skirmisher (Gargoyle Wizard)           Turns: 5991, Time: 00:28:25

Health: -3/53      AC: 13    Str: 10    XL:     8   Next: 18%
Magic:  2/14       EV: 11    Int: 22    God:    Vehumet [......]
Gold:   333        SH:  0    Dex:  8    Spells: 5 memorised, 4 levels left

rFire  x . .     SeeInvis .     L - +2 flail (protect)
rCold  + . .     Clarity  +     a - +0 robe
rNeg   + . .     SustAt   .     (no shield)
rPois  ∞         Gourm    .     b - +0 hat
rElec  +         Spirit   .     A - +0 cloak
rCorr  .         Warding  .     (no gloves)
rMut   .         Stasis   .     (no boots)
MR     +....                    I - amulet of clarity
Stlth  ++........               q - ring of protection from magic
                                k - ring of ice

@: somewhat resistant to hostile enchantments, unstealthy
A: negative energy resistance 1, electricity resistance, unbreathing,
petrification resistance, rot immunity, AC +5
a: Renounce Religion


You were on level 5 of the Dungeon.
You worshipped Vehumet.
Vehumet was noncommittal.
You were not hungry.

You visited 2 branches of the dungeon, and saw 6 of its levels.

You collected 333 gold pieces.

Inventory:

Hand weapons
 e - a cursed -1 shortbow
 v - a +3 rapier
 J - a +0 quarterstaff
 L - a +2 flail of protection (weapon)
Missiles
 l - 22 arrows
 m - 17 arrows of dispersal
 n - 84 stones
 p - 3 exploding tomahawks
 G - 7 tomahawks (quivered)
Armour
 a - a +0 robe (worn)
 b - a +0 hat (worn)
 A - a +0 cloak (worn)
Jewellery
 k - a ring of ice (left hand)
 q - a ring of protection from magic (right hand)
 I - an amulet of clarity (around neck)
Scrolls
 o - 2 scrolls of enchant weapon
 s - a scroll of immolation {unknown}
 u - 3 scrolls of remove curse {unknown}
 w - a scroll of blinking {unknown}
 y - 3 scrolls of recharging {unknown}
 B - a scroll of noise {unknown}
 C - a scroll of magic mapping {unknown}
 E - 2 scrolls of enchant armour {unknown}
 K - a scroll of amnesia
 M - a scroll of teleportation {unknown}
Potions
 f - 2 potions of mutation
 g - a potion of ambrosia {unknown}
 h - 3 potions of curing
 i - a potion of magic
 j - a potion of degeneration {unknown}
 r - a potion of brilliance {unknown}
 t - a potion of cancellation {unknown}
 x - a potion of might {unknown}
 z - 3 potions of poison
 F - a potion of haste {unknown}
Books
 c - a book of Minor Magic

   Spells                             Type                      Level
   a - Magic Dart                     Conjuration                  1
   b - Blink                          Translocation                2
   c - Call Imp                       Summoning                    2
   d - Repel Missiles                 Charms/Air                   2
   e - Slow                           Hexes                        2
   f - Conjure Flame                  Conjuration/Fire             3
   g - Mephitic Cloud                 Conjuration/Poison/Air       3
Comestibles
 d - 5 bread rations
 D - 16 chunks of flesh
 H - a slice of pizza


   Skills:
 - Level 7.3 Fighting
 - Level 1.5 Dodging
 - Level 2.1 Stealth
 - Level 4.4 Spellcasting
 + Level 4.4 Conjurations
 + Level 2.6 Summonings
 - Level 0.8 Translocations


You had 4 spell levels left.
You knew the following spells:

 Your Spells              Type           Power        Failure   Level  Hunger
a - Magic Dart            Conj           ###.         1%          1    None
b - Call Imp              Summ           ###.....     8%          2    #......
c - Conjure Flame         Conj/Fire      #.......     14%         3    ##.....
d - Mephitic Cloud        Conj/Pois/Air  ##......     17%         3    ##.....
e - Blink                 Tloc           N/A          14%         2    #......


Dungeon Overview and Level Annotations

Branches:
Dungeon (5/15)             Temple (1/1) D:4

Altars:
Ashenzari
Cheibriados
Dithmenos
Elyvilon
Fedhas
Gozag
Kikubaaqudgha
Makhleb
Nemelex Xobeh
Okawaru
Qazlal
Ru
Sif Muna
Trog
Vehumet
Xom
Yredelemnul
Zin
The Shining One

Annotations:
D:5 Duvessa


Innate Abilities, Weirdness & Mutations

You are resistant to torment.
Your stone body is resilient (AC +5).
You are immune to poison.
You resist negative energy.
You are resistant to electric shocks.
You can survive without breathing.
You are immune to petrification.
You are immune to rotting.


Message History

Duvessa hits you with a short sword! Duvessa barely misses you.
Your iron imp completely misses Duvessa.
You closely miss Duvessa.
Duvessa is severely wounded.
Duvessa hits you with a short sword.
* * * LOW HITPOINT WARNING * * *
Duvessa hits you with a short sword!
* * * LOW HITPOINT WARNING * * *
Your iron imp hits Duvessa.
Duvessa barely misses you.
Your magical contamination has completely faded away.
Duvessa closely misses you. Duvessa hits you with a short sword.
* * * LOW HITPOINT WARNING * * *
Duvessa hits you but does no damage. Duvessa barely misses you.
Found 13 gold pieces.
An adder comes into view.
Duvessa hits you with a short sword!
You die...

#####......#(..#######.####..
#......###.)..## #)####..
###........#..# #.##...#
......#.......## #.##...#
..###.#.####### ##.##.... #
.....S## #..#...).
##.#.#$..### ##.##....#
...#.# #...## #........# ...
..# #@e######..###...# ... g#
#...#....5....# #...#
#...#######...####### #. #...
##....##### .. #...
#(.#....>.# .. ##.#
#.##.####.# .###
..#######.##.# #[# ...
..........##.####.## .### ..
#...............


You could see Duvessa (berserk), an adder and a friendly iron imp.

Vanquished Creatures
  Eustachio (D:5)
  2 centaurs (D:5)
  Dowan (D:5)
  A giant frog zombie (D:5)
  A hound (D:5)
  A centaur skeleton (D:4)
  An orc priest (D:4)
  3 orc wizards (D:4)
  A worker ant (D:4)
  A hound zombie (D:5)
  6 adders
  An ooze (D:2)
  2 adder skeletons (D:5)
  3 worms
  3 giant geckos
  6 orcs (D:4)
  3 ball pythons
  6 bats
  4 giant cockroaches
  9 hobgoblins
  5 kobolds
  A giant gecko skeleton (D:4)
  A giant gecko zombie (D:5)
  2 giant newts
  9 goblins
  5 jackals (D:2)
  5 rats (D:1)
84 creatures vanquished.

Vanquished Creatures (collateral kills)
  Sigmund (D:5)
  An ogre (D:4)
  A giant frog zombie (D:5)
  3 orc priests (D:4)
  A centaur skeleton (D:4)
  4 gnolls (D:5)
  A worm (D:3)
  An orc (D:4)
  A bat (D:2)
  A giant cockroach (D:5)
15 creatures vanquished.

Grand Total: 99 creatures vanquished

Notes
Turn   | Place    | Note
--------------------------------------------------------------
     0 | D:1      | valsik64 the Gargoyle Wizard began the quest for the Orb.
     0 | D:1      | Reached XP level 1. HP: 10/10 MP: 4/4
    43 | D:1      | Reached skill level 1 in Fighting
   102 | D:1      | Reached XP level 2. HP: 10/16 MP: 0/6
   571 | D:1      | Learned a level 2 spell: Call Imp
   724 | D:1      | Reached skill level 1 in Summonings
   834 | D:1      | Reached XP level 3. HP: 21/21 MP: 7/7
  1797 | D:2      | Reached XP level 4. HP: 12/28 MP: 6/8
  2811 | D:3      | Reached XP level 5. HP: 18/32 MP: 6/9
  2944 | D:3      | Found a glowing golden altar of the Shining One.
  3440 | D:4      | Found a staircase to the Ecumenical Temple.
  3449 | Temple   | Entered the Ecumenical Temple
  3543 | Temple   | Became a worshipper of Vehumet
  3576 | D:4      | Reached skill level 4 in Fighting
  4030 | D:4      | Reached XP level 6. HP: 26/39 MP: 7/11
  4562 | D:4      | Reached skill level 5 in Fighting
  4644 | D:5      | Entered Level 5 of the Dungeon
  4659 | D:5      | Learned a level 3 spell: Conjure Flame
  4663 | D:5      | Learned a level 3 spell: Mephitic Cloud
  4666 | D:5      | Learned a level 2 spell: Blink
  4742 | D:5      | Noticed Eustachio
  4793 | D:5      | Found a sparkling altar of Nemelex Xobeh.
  4811 | D:5      | Reached XP level 7. HP: 34/45 MP: 13/13
  4838 | D:5      | Reached skill level 6 in Fighting
  4931 | D:5      | Noticed Duvessa
  4933 | D:5      | Noticed Dowan
  5415 | D:5      | Killed Eustachio
  5415 | D:5      | Reached skill level 7 in Fighting
  5825 | D:5      | Noticed Sigmund
  5840 | D:5      | Killed Sigmund
  5840 | D:5      | Reached XP level 8. HP: 50/53 MP: 12/14
  5972 | D:5      | Killed Dowan
  5991 | D:5      | Slain by Duvessa

Vault maps used:
D:1:      noname_arrival_rooms_in_the_neighbourhood
D:3:      nicolae_overflow_crystal_walls, nicolae_underground_beach
D:4:      minmay_temple_entry_purple_smoke, first_bread
D:5:      portal_sewer_entry_a, minmay_misc_feat_columns,
          nemelex_spade_bored_becter, uniq_duvessa, uniq_eustachio,
          uniq_sigmund, uniq_grinder
Temple:   grunt_circular_temple_18

Action                   |  1- 3 |  4- 6 |  7- 9 || total
-------------------------+-------+-------+-------++-------
Melee: Unarmed           |    17 |       |       ||    17
       Club              |    27 |       |       ||    27
       Spear             |    51 |    27 |       ||    78
       Trident           |       |    32 |       ||    32
       Flail             |       |    22 |    29 ||    51
       Quarterstaff      |       |     8 |       ||     8
 Cast: Magic Dart        |    54 |   108 |    40 ||   202
       Call Imp          |     3 |     8 |    17 ||    28
       Mephitic Cloud    |       |     1 |       ||     1
       Blink             |       |       |     2 ||     2
  Use: Scroll            |       |     4 |     2 ||     6
 Stab: Sleeping          |       |     2 |       ||     2
       Distracted        |       |     1 |       ||     1
  Eat: Chunk             |     3 |     9 |     1 ||    13
       Meat ration       |       |       |     1 ||     1
